 Dungeon Crawl Stone Soup version 0.23.0 (webtiles) character file.

Game seed: 7324951068025692543

32184 LostNumber the Envoy of Void (level 13, -13/111 HPs)
             Began as a Demonspawn Abyssal Knight on Feb 10, 2019.
             Was a High Priest of Lugonu.
             Killed from afar by an ice dragon (28 damage)
             ... with a blast of cold
             ... on level 4 of the Lair of Beasts.
             The game lasted 00:30:29 (18713 turns).

LostNumber the Envoy of Void (DsAK)                Turns: 18713, Time: 00:30:30

Health: -13/111    AC: 17    Str: 20    XL:     13   Next: 30%
Magic:  23/23      EV: 11    Int: 15    God:    Lugonu [*****.]
Gold:   704        SH:  5    Dex: 16    Spells: 12/12 levels left

rFire    . . .     SeeInvis +   H - +1 war axe (elec)
rCold    x . .     Gourm    .   M - +0 buckler
rNeg     . . .     Faith    .   n - quicksilver dragon scales
rPois    .         Spirit   .   g - +2 hat
rElec    .         Reflect  .   (no cloak)
rCorr    .         Harm     .   S - +1 pair of gloves
MR       ++...                  (no boots)
Stlth    ++........             O - amulet of regeneration
HPRegen  0.68/turn              z - ring of see invisible
MPRegen  0.18/turn              B - ring "Ennearph" {rC- MR+ Str+3 Dex+4 Slay+3}

@: no status effects
A: talons 2, rugged brown scales 2, nightstalker 1
a: Depart the Abyss, Bend Space, Banish, Corrupt, Enter the Abyss, Renounce
Religion


You were on level 4 of the Lair of Beasts.
You worshipped Lugonu.
Lugonu was extremely pleased with you.
You were not hungry.

You visited 3 branches of the dungeon, and saw 15 of its levels.
You visited the Abyss 1 time.

You collected 2096 gold pieces.
You spent 1392 gold pieces at shops.

Inventory:

Hand Weapons
 H - a +1 war axe of electrocution (weapon)
   (You took it off a wight on level 9 of the Dungeon)
 I - a +5 morningstar
   (You took it off a wight on level 10 of the Dungeon)
 P - a +0 broad axe
   (You found it on level 4 of the Lair of Beasts)
Missiles
 f - 4 throwing nets (quivered) {!f}
Armour
 g - a +2 hat (worn)
   (You found it on level 1 of the Dungeon)
 m - a +2 plate armour of fire resistance
   (You found it on level 2 of the Dungeon)
 n - quicksilver dragon scales (worn)
   (You found it on level 2 of the Dungeon)
 E - the +2 cloak of Qiesonyu {rC+}
   (You found it on level 9 of the Dungeon)

   It protects you from cold.
 J - a +1 cloak of poison resistance
   (You found it on level 10 of the Dungeon)
 M - a +0 buckler (worn)
   (You found it on level 4 of the Dungeon)
 R - a scarf of resistance
   (You found it on level 1 of the Lair of Beasts)
 S - a +1 pair of gloves (worn)
   (You found it on level 2 of the Lair of Beasts)
Jewellery
 i - an uncursed ring of protection from fire
   (You took it off an orc wizard on level 10 of the Dungeon)
 y - an uncursed ring of poison resistance {unknown}
   (You found it on level 1 of the Lair of Beasts)
 z - a ring of see invisible (left hand)
   (You found it on level 2 of the Dungeon)
 B - the ring "Ennearph" (right hand) {rC- MR+ Str+3 Dex+4 Slay+3}
   (You bought it in a shop on level 6 of the Dungeon)

   [ring of protection from magic]

   It affects your strength (+3).
   It affects your dexterity (+4).
   It affects your accuracy and damage with ranged weapons and melee attacks
   (+3).
   It makes you vulnerable to cold.
   It affects your resistance to hostile enchantments.
 O - an amulet of regeneration (around neck)
   (You bought it in a shop on level 6 of the Dungeon)
Wands
 d - a wand of iceblast (13)
   (You took it off an orc on level 9 of the Dungeon)
 t - a wand of flame (3)
   (You took it off an orc wizard on level 10 of the Dungeon)
 u - a wand of paralysis (6)
   (You found it on level 3 of the Lair of Beasts)
 T - a wand of enslavement (10)
   (You found it on level 3 of the Lair of Beasts)
Scrolls
 b - a scroll of vulnerability {unknown}
 k - 5 scrolls of remove curse {@r2}
 l - 3 scrolls of immolation {!r}
 o - 3 scrolls of fear
 p - a scroll of blinking {unknown}
 r - 3 scrolls of magic mapping
 v - 3 scrolls of enchant armour
 x - 4 scrolls of amnesia
 D - 3 scrolls of teleportation {@r4}
 F - a scroll of brand weapon {unknown}
 G - a scroll of holy word {unknown}
 L - 4 scrolls of fog
Potions
 a - a potion of mutation {unknown}
 c - 3 potions of heal wounds {@q2}
 h - 2 potions of agility
 j - 5 potions of brilliance
 q - 2 potions of ambrosia
 w - 8 potions of curing {@q1}
 A - 2 potions of lignification {!q}
 K - a potion of flight {unknown}
 N - a potion of invisibility {unknown}
 Q - 2 potions of magic {unknown}
Miscellaneous
 C - a phantom mirror
Comestibles
 e - 31 rations {!d}
 s - 13 chunks of flesh


   Skills:
 + Level 11.3 Fighting
 * Level 13.9 Axes
 - Level 5.0 Armour
 - Level 0.8 Dodging
 - Level 4.0 Shields
 + Level 14.0 Invocations


You had 12 spell levels left.
You didn't know any spells.
Your spell library contained the following spells:

 Spells                   Type           Power        Failure   Level  Hunger
 Beastly Appendage        Tmut           #.....       41%         1    ##.....
 Confusing Touch          Hex            #.....       41%         1    ##.....
 Corona                   Hex            #......      41%         1    ##.....
 Magic Dart               Conj           #...         41%         1    ##.....
 Shock                    Conj/Air       #...         41%         1    ##.....
 Blink                    Tloc           N/A          54%         2    ###....
 Call Imp                 Summ           #.......     54%         2    ###....
 Ensorcelled Hibernation  Hex/Ice        #.....       54%         2    ###....
 Slow                     Hex            #.......     54%         2    ###....
 Sticks to Snakes         Tmut           #.......     54%         2    ###....
 Swiftness                Chrm/Air       #.......     54%         2    ###....
 Confuse                  Hex            #.......     78%         3    ####...
 Conjure Flame            Conj/Fire      #.......     78%         3    ####...
 Dazzling Spray           Conj/Hex       #.....       78%         3    ####...
 Gell's Gravitas          Tloc           #.........   78%         3    ####...
 Mephitic Cloud           Conj/Pois/Air  #.......     78%         3    ####...
 Portal Projectile        Hex/Tloc       #.....       78%         3    ####...
 Spider Form              Tmut/Pois      #.........   78%         3    ####...
 Static Discharge         Conj/Air       #.......     78%         3    ####...
 Tukima's Dance           Hex            #.......     78%         3    ####...
 Airstrike                Air            #.........   99%         4    #####..
 Fulminant Prism          Conj/Hex       #.........   99%         4    #####..
 Ice Form                 Ice/Tmut       #.......     99%         4    #####..
 Petrify                  Tmut/Erth      #.......     99%         4    #####..
 Blade Hands              Tmut           #.........   100%        5    ######.
 Lightning Bolt           Conj/Air       #.........   100%        5    ######.
 Metabolic Englaciation   Hex/Ice        #.........   100%        5    ######.
 Yara's Violent Unravell  Hex/Tmut       #.........   100%        5    ######.
 Darkness                 Hex            #.........   100%        6    #######


Dungeon Overview and Level Annotations

Branches:
Dungeon (10/15)            Temple (1/1) D:7            Lair (4/6) D:10
 Spider (0/4) Lair:3          Orc (0/2) D:10
  Swamp: Lair:2-4    Shoals: Lair:2-4

Altars:
Ashenzari
Cheibriados
Fedhas
Gozag
Kikubaaqudgha
Makhleb
Nemelex Xobeh
Okawaru
Qazlal
Ru
Sif Muna
Trog
Xom
Zin
Beogh

Shops:
D:4 }:?   D:5 %   D:6 =(=   D:7 ?   D:8 (

Annotations:
D:9 4 runed translucent doors, 2 transporters, Joseph
D:10 exclusion: oklob plant
Lair:3 exclusions: oklob plant and 2 more exclusions
Lair:4 exclusion: oklob plant
Abyss:1 Dowan, Psyche


Innate Abilities, Weirdness & Mutations

You have razor-sharp toenails.
You are mostly covered in rugged brown scales. (AC +2, +5% HP)
You are slightly more attuned to the shadows.


Message History

You kill the ice beast!
Lugonu accepts your kill.
Your Invocations skill increases to level 14!
You hit the white imp. You block the white imp's attack.
The white imp gestures at you.
The puff of frost hits you but does no damage.
The white imp gestures at you. You block the puff of frost.
You slash the ice beast!
Lightning courses through the ice beast!!
You kill the ice beast!
Lugonu accepts your kill.
Wear which item? (? for menu, Esc to quit)
Keep disrobing?
You start removing your armour.
You continue taking off your +1 cloak of poison resistance. x4
The ice dragon breathes frost at you. The blast of cold hits you!
You feel a terrible chill!
You hear a bellow! x2
You finish taking off your +1 cloak of poison resistance.
You no longer feel resistant to poison.
Unknown command.
Wear which item? (? for menu, Esc to quit)
The ice dragon bites you but does no damage.
Keep equipping yourself?
The ice dragon claws you.
The ice dragon tramples you but does no damage.
The white imp closely misses you.
You start putting on your armour.
You continue putting on the +2 cloak of Qiesonyu {rC+}.
The ice dragon breathes frost at you. The blast of cold hits you!!!
You feel a terrible chill!
Ouch! That really hurt!
* * * LOW HITPOINT WARNING * * *
You hear a bellow!
You continue putting on the +2 cloak of Qiesonyu {rC+}.
The ice dragon bites you.
* * * LOW HITPOINT WARNING * * *
You block the ice dragon's attack. The ice dragon tramples you.
* * * LOW HITPOINT WARNING * * *
You stumble backwards!
You continue putting on the +2 cloak of Qiesonyu {rC+}.
The ice dragon closely misses you. The ice dragon barely misses you.
The ice dragon tramples you.
* * * LOW HITPOINT WARNING * * *
You stumble backwards!
You continue putting on the +2 cloak of Qiesonyu {rC+}.
The ice dragon breathes frost at you. The blast of cold hits you!!
You feel a terrible chill!
You die...

⌠.≈≈≈.......≈≈
#...##..D.Y.. #..#
#....#...... ..#
##...5P....P ##..
###..5..... #..##
####....... #..#
###P......#..
##..###.........###
#.@DY...#####...#
#.....5.#..# #..P#
#.#..####### #..##
# #### ###.# ###


You could see an ice dragon, a death yak and a white imp.

Vanquished Creatures
  Gastronok (Lair:2)
  Harold (D:7)
  A hydra (Lair:3)
  2 centaur warriors (D:10)
  2 ogre magi (D:10)
  An unseen horror (D:10)
  An ugly thing (D:10)
  2 cyclopes
  2 manticores (D:10)
  6 elephants (Lair:2)
  5 spiny frogs
  A torpor snail (Lair:3)
  4 komodo dragons
  2 trolls (D:10)
  9 blink frogs
  2 bog bodies (Lair:3)
  A slime creature (D:10)
  6 hippogriffs
  Sigmund (D:2)
  A tarantella (Lair:3)
  31 yaks
  3 wyverns
  Menkaure (Temple)
  5 water moccasins
  Duvessa (D:6)
  A porcupine (Lair:1)
  A swamp drake (Lair:3)
  11 orc warriors
  2 phantoms
  A necrophage (D:8)
  3 ice beasts
  2 sky beasts (D:9)
  2 black bears
  An eye of draining (D:8)
  9 ogres
  4 centaurs
  3 crocodiles
  4 big kobolds
  4 gnoll sergeants (D:10)
  A wyvern zombie (D:6)
  17 bullfrogs
  A wyvern skeleton (D:8)
  8 scorpions
  A water moccasin skeleton (D:7)
  A killer bee (D:10)
  2 vampire bats (D:4)
  8 wights
  7 howler monkeys
  2 centaur zombies
  5 crimson imps
  3 bullfrog zombies
  2 jellies (D:10)
  6 hounds
  2 centaur skeletons
  10 orc priests
  A bullfrog skeleton (D:5)
  14 orc wizards
  8 worker ants
  2 killer bee zombies (D:8)
  2 hound skeletons (D:9)
  A mummy (D:8)
  2 howler monkey zombies
  Robin (D:2)
  3 gnolls (D:10)
  10 adders
  A shadow imp (D:6)
  A white imp (Lair:4)
  An adder skeleton (D:5)
  A worm (D:2)
  A dart slug (D:1)
  5 leopard geckos
  64 orcs
  2 bat skeletons (D:4)
  2 bat zombies (D:4)
  4 giant cockroaches
  10 goblins
  10 hobgoblins
  5 jackals
  13 kobolds
  5 quokkas
  2 ball pythons
  6 bats
  5 frilled lizards
  2 leopard gecko skeletons
  A leopard gecko zombie (D:5)
  5 rats
  A fungus (Lair:4)
  3 plants
410 creatures vanquished.

Vanquished Creatures (others)
  2 two-headed ogres (D:8)
  A deep troll (D:10)
  A hornet (D:8)
  A water moccasin (D:9)
  An orc warrior (D:9)
  A big kobold (D:10)
  An orc wizard (D:8)
  4 fungi (Lair:1)
  A plant (Lair:1)
13 creatures vanquished.

Grand Total: 423 creatures vanquished

Notes
Turn   | Place    | Note
-------+----------+-------------------------------------------
     0 | Abyss:1  | LostNumber the Demonspawn Abyssal Knight began the quest
                  | for the Orb.
     0 | Abyss:1  | Reached XP level 1. HP: 18/18 MP: 2/2
    16 | D:1      | Escaped the Abyss
   317 | D:1      | Gained mutation: You are partially covered in rugged brown
                  | scales. (AC +1, +3% HP) [demonic ancestry]
   317 | D:1      | Reached XP level 2. HP: 18/24 MP: 4/4
   688 | D:2      | Reached skill level 3 in Invocations
  1249 | D:2      | Gained mutation: You are mostly covered in rugged brown
                  | scales. (AC +2, +5% HP) [demonic ancestry]
  1249 | D:2      | Reached XP level 3. HP: 24/30 MP: 5/5
  1327 | D:2      | Noticed Sigmund
  1345 | D:2      | Killed Sigmund
  1345 | D:2      | Reached skill level 4 in Invocations
  1345 | D:2      | Reached XP level 4. HP: 5/38 MP: 5/7
  1345 | D:2      | Reached XP level 5. HP: 6/44 MP: 5/8
  1642 | D:2      | Noticed Robin
  1646 | D:2      | Reached ** piety under Lugonu
  1662 | D:2      | Killed Robin
  2955 | D:4      | Found an ancient bone altar of Kikubaaqudgha.
  2973 | D:4      | Reached XP level 6. HP: 46/50 MP: 9/9
  3055 | D:4      | Found a bloodstained altar of Trog.
  3058 | D:4      | Found a deep blue altar of Sif Muna.
  3059 | D:4      | Found a burning altar of Makhleb.
  3061 | D:4      | Found an opulent altar of Gozag.
  3061 | D:4      | Found a glowing silver altar of Zin.
  3062 | D:4      | Found a stormy altar of Qazlal.
  3076 | D:4      | Found Fifogiar's Book Shoppe.
  3129 | D:4      | Found Nomom's Magic Scroll Shop.
  3132 | D:4      | Bought a scroll of identify for 26 gold pieces
  3132 | D:4      | Bought a scroll of random uselessness for 13 gold pieces
  3132 | D:4      | Bought a scroll of teleportation for 39 gold pieces
  4006 | D:4      | Found Quryu's Gadget Shoppe.
  4050 | D:4      | Found a shattered altar of Ashenzari.
  4064 | D:4      | Reached skill level 5 in Invocations
  4064 | D:4      | Reached XP level 7. HP: 55/57 MP: 10/10
  4323 | D:4      | Found a sparkling altar of Nemelex Xobeh.
  4428 | D:4      | Found a blossoming altar of Fedhas.
  4554 | D:5      | Entered Level 5 of the Dungeon
  4572 | D:5      | Reached skill level 5 in Axes
  4572 | D:5      | Reached skill level 1 in Shields
  5186 | D:5      | Reached *** piety under Lugonu
  5186 | D:5      | Reached skill level 5 in Fighting
  5186 | D:5      | Gained mutation: You are slightly more attuned to the
                  | shadows. [demonic ancestry]
  5186 | D:5      | Reached XP level 8. HP: 50/65 MP: 12/12
  5244 | D:5      | Found Woblorriode's Food Shop.
  5359 | D:5      | Reached skill level 6 in Invocations
  5931 | D:6      | Noticed Duvessa
  5945 | D:6      | Killed Duvessa
  5949 | D:6      | Noticed Dowan
  5967 | D:6      | Banished Dowan
  6185 | D:6      | Found a sacrificial altar of Ru.
  6250 | D:6      | Found Joigamem's Jewellery Emporium.
  6261 | D:6      | Found Dyraminyr's Weapon Shoppe.
  6290 | D:6      | Found Mouwicet's Jewellery Shop.
  6845 | D:6      | Found a blossoming altar of Fedhas.
  7073 | D:7      | Reached XP level 9. HP: 71/71 MP: 14/14
  7131 | D:7      | Reached skill level 7 in Invocations
  7354 | D:7      | Reached **** piety under Lugonu
  7424 | D:7      | Found an iron altar of Okawaru.
  7493 | D:7      | Reached skill level 5 in Armour
  7588 | D:7      | Found Buirempaenn's Magic Scroll Emporium.
  7760 | D:7      | Found a shimmering altar of Xom.
  7918 | D:7      | Found a staircase to the Ecumenical Temple.
  7922 | D:7      | Noticed Menkaure
  7928 | Temple   | Entered the Ecumenical Temple
  7943 | Temple   | Killed Menkaure
  8265 | D:7      | Reached skill level 8 in Invocations
  8396 | D:7      | Noticed Harold
  8413 | D:7      | Killed Harold
  8413 | D:7      | Reached XP level 10. HP: 49/82 MP: 16/16
  9166 | D:8      | Found Lotuan's Antique Weapon Boutique.
  9388 | D:8      | Bought a glowing war axe for 162 gold pieces
  9461 | D:8      | Reached skill level 9 in Invocations
  9492 | D:8      | Found a snail-covered altar of Cheibriados.
  9767 | D:8      | Noticed Psyche
  9771 | D:8      | Banished Psyche
  9794 | D:8      | Noticed a two-headed ogre
  9800 | D:8      | Noticed a two-headed ogre
  9804 | D:8      | Banished a two-headed ogre
  9808 | D:8      | Banished a two-headed ogre
 10212 | D:8      | Paralysed by a hornet for 3 turns
 10215 | D:8      | Reached skill level 10 in Invocations
 10862 | D:9      | Got a distressingly furry cloak
 10863 | D:9      | Identified the +2 cloak of Qiesonyu {rC+} (You found it on
                  | level 9 of the Dungeon)
 10886 | D:9      | Reached skill level 10 in Axes
 10891 | D:9      | Found a large runed translucent door.
 10891 | D:9      | Found a large runed translucent door.
 10986 | D:9      | Found a large runed translucent door.
 10987 | D:9      | Found a large runed translucent door.
 11461 | D:9      | Found a transporter.
 11464 | D:9      | Noticed Joseph
 11864 | D:9      | Gained mutation: You have sharp toenails. [demonic
                  | ancestry]
 11864 | D:9      | Reached XP level 11. HP: 66/91 MP: 18/18
 11869 | D:9      | Found a transporter.
 11973 | D:9      | Found a roughly hewn altar of Beogh.
 12502 | D:9      | Identified the Tome of Mutagenic Curses
 12627 | D:10     | Entered Level 10 of the Dungeon
 12654 | D:10     | Found a staircase to the Lair.
 12654 | D:10     | Noticed an oklob plant
 12713 | D:10     | Reached ***** piety under Lugonu
 12739 | D:10     | Reached skill level 11 in Invocations
 12804 | D:10     | Noticed a purple ugly thing
 12805 | D:10     | Noticed an ogre mage
 12811 | D:10     | Noticed a deep troll
 12822 | D:10     | Noticed an unseen horror
 12823 | D:10     | Noticed a centaur warrior
 13042 | D:10     | Noticed an ogre mage
 13046 | D:10     | Killed an ogre mage
 13051 | D:10     | Killed an ogre mage
 13601 | D:10     | Noticed a centaur warrior
 13609 | D:10     | Killed a centaur warrior
 14031 | D:10     | Banished a deep troll
 14039 | D:10     | Killed a centaur warrior
 14039 | D:10     | Reached skill level 12 in Invocations
 14039 | D:10     | Gained mutation: You have razor-sharp toenails. [demonic
                  | ancestry]
 14039 | D:10     | Reached XP level 12. HP: 47/101 MP: 12/21
 14334 | D:10     | Got a vibrating emerald amulet
 14335 | D:10     | Identified the amulet "Foomagro" {Inacc rElec} (You found
                  | it on level 10 of the Dungeon)
 14376 | D:10     | Reached skill level 10 in Fighting
 15009 | D:10     | Found a staircase to the Orcish Mines.
 15351 | D:6      | Bought the ring "Ennearph" {rC- MR+ Str+3 Dex+4 Slay+3} for
                  | 732 gold pieces
 15351 | D:6      | Bought an uncursed amulet of regeneration for 420 gold
                  | pieces
 15446 | Lair:1   | Entered Level 1 of the Lair of Beasts
 16535 | Lair:2   | Noticed Gastronok
 16547 | Lair:2   | Killed Gastronok
 16547 | Lair:2   | Reached skill level 13 in Invocations
 17367 | Lair:3   | Reached XP level 13. HP: 111/111 MP: 23/23
 17651 | Lair:3   | Found a hole to the Spider Nest.
 18689 | Lair:4   | Reached skill level 14 in Invocations
 18713 | Lair:4   | Killed from afar by an ice dragon

Skill      XL: |  1  2  3  4  5  6  7  8  9 10 11 12 13 |
---------------+----------------------------------------+-----
Axes           | 2 3 4 5 6 8 10 12 13 | 13.9
Invocations    | 3 4 5 6 8 10 12 13 14 | 14.0
Armour         | 2 3 4 5 |  5.0
Fighting       | 4 5 7 8 9 11 | 11.3
Shields        | 2 4 |  4.0
Dodging        | |  0.8

Action                   |  1- 3 |  4- 6 |  7- 9 | 10-12 | 13-15 || total
-------------------------+-------+-------+-------+-------+-------++-------
Melee: Hand axe          |    86 |   158 |       |       |       ||   244
       Dagger            |       |    27 |   404 |    78 |       ||   509
       War axe           |       |       |       |   618 |    88 ||   706
       Kick              |       |       |       |   150 |    33 ||   183
       Morningstar       |       |       |       |       |     6 ||     6
Invok: Banish            |       |       |     1 |    10 |       ||    11
       Bend Space        |       |       |     1 |       |       ||     1
Evoke: Wand              |       |       |       |     1 |       ||     1
  Use: Scroll            |       |     5 |     8 |     6 |     1 ||    20
       Potion            |       |       |     7 |       |       ||     7
 Stab: Distracted        |       |       |     2 |     1 |       ||     3
       Paralysed         |       |       |     1 |       |       ||     1
       Sleeping          |       |       |     1 |     3 |     1 ||     5
  Eat: Chunk             |     1 |     9 |     9 |    24 |     4 ||    47
       Ration            |       |       |     2 |     2 |       ||     4
Armor: Leather armour    |    11 |       |       |       |       ||    11
       Plate armour      |    23 |    33 |       |       |       ||    56
       Quicksilver drago |       |   132 |   241 |   295 |    49 ||   717
Dodge: Dodged            |    51 |   112 |   197 |   287 |    43 ||   690
Block: Buckler           |       |       |    53 |   162 |    23 ||   238
